 Dungeon Crawl Stone Soup version 0.25.0-37-gb73750e0fb (webtiles) character file.

Game seed: 17836509688401009514

1068 ANON1729 the Shield-Bearer (level 8, 0/56 HPs)
             Began as an Octopode Fighter on July 8, 2020.
             Slain by an adder (4 damage)
             ... on level 5 of the Dungeon.
             The game lasted 00:06:02 (5333 turns).

ANON1729 the Shield-Bearer (Octopode Fighter)       Turns: 5333, Time: 00:06:02

Health: 0/56       AC:  1    Str: 17    XL:     8   Next: 28%
Magic:  8/8        EV: 14    Int: 16    God:
Gold:   91         SH: 10    Dex: 12    Spells: 7/7 levels left

rFire    . . .     SeeInvis .     - Unarmed
rCold    . . .     Gourm    .   a - +0 kite shield
rNeg     . . .     Faith    .   (helmet restricted)
rPois    .         Spirit   .   (no amulet)
rElec    .         Reflect  .   l - +6 ring of intelligence
rCorr    .         Harm     .   (no ring)
MR       .....                  (no ring)
Stlth    ++........             (no ring)
HPRegen  0.18/turn              (no ring)
MPRegen  0.11/turn              (no ring)
                                (no ring)
                                (no ring)

@: lethally poisoned (0 -> -1)
A: almost no armour, stealthy swim, amphibious, 8 rings, constrict 8, camouflage
1, gelatinous body 1
a: no special abilities


You were on level 5 of the Dungeon.
You were hungry.

You visited 1 branch of the dungeon, and saw 5 of its levels.

You collected 205 gold pieces.
You spent 114 gold pieces at shops.

Inventory:

Armour
 a - a +0 kite shield (worn)
Jewellery
 l - a +6 ring of intelligence (left tentacle)
Scrolls
 d - 2 scrolls of enchant armour {unknown}
 e - 10 scrolls of remove curse
 f - 2 scrolls of amnesia {unknown}
 g - 4 scrolls of teleportation {unknown}
 i - 3 scrolls of fear {unknown}
 j - 5 scrolls of identify
 n - a scroll of blinking {unknown}
 p - 2 scrolls of immolation {unknown}
Potions
 b - 2 potions of might
 h - a potion of heal wounds {unknown}
 k - 2 potions of curing {unknown}
 m - a potion of stabbing {unknown}
 o - 2 potions of brilliance {unknown}
 r - a potion of lignification
Comestibles
 c - 5 rations


   Skills:
 + Level 5.5 Fighting
 + Level 5.5 Dodging
 + Level 5.5 Shields
 + Level 5.0 Unarmed Combat


You had 7 spell levels left.
You didn't know any spells.
Your spell library contained the following spells:

 Spells                   Type           Power        Failure   Level  Hunger
 Confusing Touch          Hex            #.......     94%         3    ####...
 Gell's Gravitas          Tloc           #.........   94%         3    ####...
 Petrify                  Tmut/Erth      #.......     100%        4    #####..
 Metabolic Englaciation   Hex/Ice        #.........   100%        5    ######.
 Yara's Violent Unravell  Hex/Tmut       #.........   100%        5    ######.


Dungeon Overview and Level Annotations

Branches:
Dungeon (5/15)
 Temple: D:4-7

Altars:
Dithmenos
Fedhas
Nemelex Xobeh
Ru
Sif Muna
Yredelemnul
Zin

Shops:
D:4 !?*[


Innate Abilities, Weirdness & Mutations

You cannot wear most types of armour.
You are very stealthy in the water. (Stealth+)
You are amphibious.
You can wear up to eight rings at the same time.
You can use your tentacles to constrict eight enemies at once.
Your skin changes colour to match your surroundings (Stealth+).
Your rubbery body absorbs attacks. (AC +1, EV +1)


Message History

You are too injured to fight recklessly!
You tentacle-slap the centaur.
The centaur is severely wounded.
The centaur hits you. The adder barely misses you.
You tentacle-slap the centaur but do no damage.
You squeeze the centaur.
The centaur is almost dead.
The centaur hits you!
* * * LOW HITPOINT WARNING * * *
The adder barely misses you. The centaur misses you.
You tentacle-slap the centaur but do no damage.
You squeeze the centaur.
You kill the centaur!
Your Unarmed Combat skill increases to level 5!
You feel sick. The adder bites you.
* * * LOW HITPOINT WARNING * * *
The adder completely misses you.
You closely miss the adder. You grab the adder. You constrict the adder.
The adder bites you.
You die...

#.# #.# #.# # #.# ###
#.#.# #.. #.#.# #.#
######..S#### #.#
#......)@...#
###.#####.######.##.#
..........# #.##.#
#######.#.# #.##.#
######.#.######.##.#
..............)#.##.#
.######.........)##.#
###.####.#.##.# #.#
#.#.##.#


You could see an adder.

Vanquished Creatures
  An ogre (D:5)
  2 phantoms (D:4)
  A necrophage (D:5)
  A centaur (D:5)
  2 scorpions
  A howler monkey (D:4)
  4 crimson imps
  2 orc priests (D:3)
  2 centaur skeletons (D:5)
  An orc wizard (D:4)
  An iguana (D:4)
  A worker ant (D:4)
  A hound skeleton (D:4)
  3 gnolls (D:2)
  3 adders
  A shadow imp (D:5)
  2 oozes
  An adder skeleton (D:4)
  A worm (D:4)
  2 dart slugs
  2 leopard geckos (D:2)
  4 orcs (D:3)
  A ball python (D:1)
  7 bats
  7 giant cockroaches
  3 goblins
  9 hobgoblins
  7 jackals
  5 kobolds
  5 quokkas
  2 frilled lizards
  A quokka skeleton (D:4)
  8 rats
94 creatures vanquished.

Notes
Turn   | Place    | Note
-------+----------+-------------------------------------------
     0 | D:1      | ANON1729 the Octopode Fighter began the quest for the Orb.
     0 | D:1      | Reached XP level 1. HP: 16/16 MP: 1/1
    83 | D:1      | Reached XP level 2. HP: 21/21 MP: 2/2
   735 | D:2      | Reached XP level 3. HP: 26/26 MP: 3/3
   832 | D:3      | Reached XP level 4. HP: 29/31 MP: 4/4
   926 | D:3      | Found a shadowy altar of Dithmenos.
   926 | D:3      | Found a sparkling altar of Nemelex Xobeh.
  1038 | D:3      | Reached XP level 5. HP: 28/37 MP: 5/5
  1860 | D:2      | Found a sacrificial altar of Ru.
  1993 | D:2      | Found a glowing silver altar of Zin.
  2524 | D:2      | Found a blossoming altar of Fedhas.
  2562 | D:2      | Found a basalt altar of Yredelemnul.
  2950 | D:4      | Reached XP level 6. HP: 38/43 MP: 6/6
  2998 | D:4      | Noticed a phantom
  3202 | D:4      | Killed a phantom
  3347 | D:4      | Found Baotyt's Magic Scroll Boutique.
  3359 | D:4      | Bought a scroll of identify for 28 gold pieces
  3359 | D:4      | Bought a scroll of remove curse for 42 gold pieces
  3464 | D:4      | Noticed a phantom
  4004 | D:4      | Killed a phantom
  4004 | D:4      | Reached XP level 7. HP: 35/49 MP: 7/7
  4159 | D:4      | Found Qoepein's Distillery.
  4162 | D:4      | Bought a potion of degeneration for 11 gold pieces
  4162 | D:4      | Bought a potion of lignification for 33 gold pieces
  4235 | D:4      | Found Ygaidap's Assorted Antiques.
  4471 | D:4      | Found a shimmering blue altar of Sif Muna.
  4743 | D:4      | Found Moskuzew's Antique Armour Shop.
  4825 | D:5      | Entered Level 5 of the Dungeon
  4844 | D:5      | Reached skill level 5 in Dodging
  4844 | D:5      | Reached skill level 5 in Shields
  4903 | D:5      | Reached skill level 5 in Fighting
  5053 | D:5      | Reached XP level 8. HP: 47/55 MP: 8/8
  5332 | D:5      | Reached skill level 5 in Unarmed Combat
  5333 | D:5      | Slain by an adder

Illustrated notes

Levels and vault maps discovered:
D:1:      psy_arrival_whirlpool, layout_loops_ring
D:2:      layout_basic, nicolae_overflow_hidden_temple, zin_academy,
          marbit_many_paths, old_standard_altar, first_ration
D:3:      layout_loops_ring, gammafunk_temple_overflow_wave
D:4:      layout_basic, tgw_sif, serial_shops, nicolae_shop_behind_doors,
          kennysheep_little_box, nicolae_shop_trees, nicolae_shop_stone
D:5:      layout_loops_ring, lemuel_crystal_altar

Skill      XL: |  1  2  3  4  5  6  7  8 |
---------------+-------------------------+-----
Unarmed Combat | 3 4 5 |  5.0
Dodging        | 4 5 |  5.5
Fighting       | 4 5 |  5.5
Shields        | 4 5 |  5.5

Action                   |  1- 3 |  4- 6 |  7- 9 || total
-------------------------+-------+-------+-------++-------
Melee: Unarmed           |    41 |   164 |    84 ||   289
       Constrict         |    18 |    39 |    14 ||    71
       Tentacles         |    14 |    33 |    23 ||    70
       Punch             |     1 |     6 |     4 ||    11
  Use: Scroll            |       |       |     1 ||     1
 Stab: Sleeping          |     3 |    10 |     2 ||    15
  Eat: Chunk             |       |     9 |     4 ||    13
Armor: Skin              |     5 |     6 |     3 ||    14
Dodge: Dodged            |    16 |    55 |    44 ||   115
Block: Kite shield       |    18 |    60 |    36 ||   114
